cohdb
Replays
Latest Replays
All Replays
Popular Replays
Top Player Replays
Match Explorer
How It Works
Community
CoH3 Stats
Reddit
Sign in to upload your games and track your stats! →
Sign in with Steam
Match 40580288
Unlisted
Match 40580288
Overview
Messages
Build Orders
End
Engineer Squad
Construct Weapon Support Center
M1919 Machine Gun Team
Selects Heavy Weapons
Bazooka Squad
M1919 Machine Gun Team
Selects Assault Carriers
Construct Medical Station
Air Support Center
M3 Assault Carrier
Engineer Squad
Selects M2HB .50cal Heavy Machine Gun
Grasshopper Recon Run
M3 Assault Carrier
Grasshopper Recon Run
M1919 Machine Gun Team
Selects Halftrack Strongpoints
P-47 Strafing Run
Construct Tank Depot
Air Supremacy
P-47 Dive Bomb
M1919 Machine Gun Team
Grasshopper Recon Run
P-47 Strafing Run
M18 Hellcat Tank Destroyer
Mortar Pit
Grasshopper Recon Run
Engineer Squad
P-47 Strafing Run
Engineer Squad
Grasshopper Recon Run
M4(105) Sherman Bulldozer
P-47 Strafing Run
M1919 Machine Gun Team
Engineer Squad
Grasshopper Recon Run
Engineer Squad
P-47 Strafing Run
P-47 Dive Bomb
Engineer Squad
P-47 Strafing Run
Bazooka Squad
ßoo
Bold Taste
Itaca
彡★🔻SALADIN🔻★彡
Zingo Elzengy
MEZO
0
0
Comments
sign in to comment!
No comments posted yet!